AoeStats
← ngannv951

Arabia

510242667Analyzed
1v1 RM · 1d ago on Sep 30, 2026· 27m 3s· 2 players
Game mode
Random Map
Map size
Tiny (2 player)
Population
200
Speed
Normal
Resources
Standard
Victory
Conquest
Starting age
Dark Age
Ending age
Imperial Age
RankedLock teamsTeams togetherTeam positionsShared explorationLock speedFull tech treeHidden civsTurbo modeCheats
Victory
Defeat
🇧🇴 Chinese · Bolivia
702
+16
🇻🇳 Byzantines · Vietnam
712
-16
OLOPACIO
10:34 Feudal Age
11:01 Double-Bit Axe
11:08 Horse Collar
18:26 Wheelbarrow
21:00 Castle Age
20:48 Stone Mining
20:49 Gold Mining
21:48 Husbandry
21:18 Crossbowman
22:17 Bow Saw
23:08 Stone Shaft Mining
22:56 Bloodlines
23:55 Heavy Plow
27:02 Thumb Ring
ngannv951
12:47 Feudal Age
14:52 Double-Bit Axe
20:43 Castle Age
20:40 Horse Collar
Connection lost

Rejoining the realm…

Still unreachable

The connection could not be restored.

Session expired

The server has moved on; the page needs a fresh start.